 Dungeon Crawl Stone Soup version 0.30.1 (webtiles) character file.

Game seed: 12660617859542218845

12077 Peloso the Carver (level 11, -5/97 HPs)
             Began as a Minotaur Fighter on July 6, 2023.
             Was a High Priest of Okawaru.
             Killed from afar by Lodul (23 damage)
             ... with a bolt of lightning
             ... on level 11 of the Dungeon.
             The game lasted 00:27:35 (12171 turns).

Peloso the Carver (Minotaur Fighter)               Turns: 12171, Time: 00:27:36

Health: -5/97      AC: 15    Str: 23    XL:     11   Next: 57%
Magic:  9/11       EV: 11    Int:  5    God:    Okawaru [*****.]
Gold:   724        SH: 23    Dex: 12    Spells: 10/10 levels left

rFire   . . .        a - +5 falchion
rCold   . . .        d - +0 tower shield
rNeg    . . .        p - +0 chain mail {rPois}
rPois   +            (helmet restricted)
rElec   .            (no cloak)
rCorr   +            o - +0 pair of gloves
SInv    +            (no boots)
Will    .....        C - amulet of reflection
Stlth   +            k - ring of see invisible
HPRegen 0.36/turn    B - ring of resist corrosion
MPRegen 0.12/turn

%: reflection
@: heroic
A: horns 2, retaliatory headbutt
a: Renounce Religion, Heroism, Finesse, Duel


You were on level 11 of the Dungeon.
You worshipped Okawaru.
Okawaru was extremely pleased with you.
You visited 2 branches of the dungeon, and saw 12 of its levels.
You also visited: Bailey.

You collected 724 gold pieces.

Inventory:

Hand Weapons
 a - a +5 falchion (weapon)
 b - a +1 scimitar of flaming
 c - the +7 mace of the Mind {heavy, *Corrode rN+++ Will+ Int+3}
   (You found it on level 9 of the Dungeon)

   Int:       It affects your intelligence (+3).
   rN:        It renders you almost immune to negative energy.
   *Corrode:  It may corrode you when you take damage.
   Will:      It increases your willpower.
Missiles
 r - a throwing net (quivered)
Armour
 d - a +0 tower shield (worn)
 o - a +0 pair of gloves (worn)
 p - a +0 chain mail of poison resistance (worn)
Jewellery
 j - a ring of flight
 k - a ring of see invisible (left hand)
 B - a ring of resist corrosion (right hand)
 C - an amulet of reflection (around neck)
 H - a ring of protection from fire
Wands
 f - a wand of paralysis (10)
 A - a wand of flame (15)
Scrolls
 g - a scroll of acquirement
 h - a scroll of brand weapon
 i - 2 scrolls of amnesia
 l - 3 scrolls of teleportation
 m - 2 scrolls of enchant armour
 s - a scroll of fog
 t - 2 scrolls of enchant weapon
 w - a scroll of magic mapping {unknown}
 y - a scroll of torment {unknown}
 z - 2 scrolls of blinking {unknown}
 D - 3 scrolls of identify
 G - a scroll of noise {unknown}
Potions
 e - 4 potions of might
 n - a potion of curing
 q - 2 potions of mutation
 u - a potion of flight
 v - 4 potions of brilliance
 E - a potion of resistance {unknown}
Miscellaneous
 x - a phantom mirror
 F - a lightning rod (4/4)


   Skills:
 + Level 9.5(14.5) Fighting
 + Level 12.4(17.4) Long Blades
 + Level 11.9(16.9) Armour
 + Level 4.7(9.7) Dodging
 + Level 3.1(8.1) Stealth
 + Level 9.5(14.5) Shields
 + Level 1.5 Invocations
 + Level 2.4 Evocations


You had 10 spell levels left.
You didn't know any spells.
Your spell library contained the following spells:

 Spells                   Type           Power      Damage    Failure   Level
 Magic Dart               Conj           0%         1d3       99%         1
 Cigotuvi's Dreadful Rot  Necr/Pois/Air  0%         N/A       100%        2
 Sublimation of Blood     Necr           0%         N/A       100%        2
 Wereblood                Tmut           0%         N/A       100%        2
 Ignite Poison            Fire/Tmut/Pois 0%         N/A       100%        3
 Mephitic Cloud           Conj/Pois/Air  0%         N/A       100%        3
 Ozocubu's Armour         Ice            0%         N/A       100%        3
 Portal Projectile        Hex/Tloc       0%         N/A       100%        3
 Leda's Liquefaction      Hex/Erth       0%         N/A       100%        4
 Olgreb's Toxic Radiance  Pois           0%         N/A       100%        4
 Passage of Golubria      Tloc           0%         N/A       100%        4
 Freezing Cloud           Conj/Ice/Air   0%         6-21      100%        5
 Yara's Violent Unravell  Hex/Tmut       0%         3d3       100%        5
 Ozocubu's Refrigeration  Ice            0%         4d7       100%        7
 Discord                  Hex            0%         N/A       100%        8
 Ignition                 Fire           0%         3d3       100%        8
 Call Imp                 Summ           Unusable   N/A       N/A         2
 Call Canine Familiar     Summ           Unusable   N/A       N/A         3
 Tukima's Dance           Hex            Unusable   N/A       N/A         3
 Summon Hydra             Summ           Unusable   N/A       N/A         7

Dungeon Overview and Level Annotations

Branches:
Dungeon (11/15)            Temple (1/1) D:5            Lair (0/5) D:8
 Bailey (visited)
    Orc: D:9-12

Altars:
Ashenzari
Cheibriados
Dithmenos
Elyvilon
Fedhas
Gozag
Hepliaklqana
Kikubaaqudgha
Makhleb
Nemelex Xobeh
Okawaru
Qazlal
Ru
Sif Muna
Trog
Uskayaw
Vehumet
Wu Jian
Xom
Yredelemnul
Zin
The Shining One

Annotations:
D:11 Lodul


Innate Abilities, Weirdness & Mutations

You have a pair of horns on your head.
You reflexively headbutt those who attack you in melee.


Message History

You kill the ogre!
Okawaru accepts your kill.
You slash the ogre!
You headbutt the ogre, but do no damage.
The ogre is moderately wounded.
You block the ogre's attack.
Electricity crackles from Lodul's apparatus.
The bolt of lightning hits you!!
You hit the ogre. Your headbutt misses the ogre.
The ogre is heavily wounded.
You hit the ogre. You headbutt the ogre.
The ogre is severely wounded.
You block the ogre's attack.
Unknown command.
You gain the combat prowess of a mighty hero.
You slash the ogre!
You kill the ogre!
Okawaru accepts your kill.
Electricity crackles from Lodul's apparatus.
The bolt of lightning hits you!!
* * * LOW HITPOINT WARNING * * *
You slash the ogre!
The ogre is moderately wounded.
An ogre comes into view. It is wielding a +0 giant club.
The ogre hits you with a +0 giant club!!
* * * LOW HITPOINT WARNING * * *
You hit the ogre.
The ogre is heavily wounded.
An ogre comes into view. It is wielding a +0 giant spiked club.
You slash the ogre!
The ogre is almost dead.
You block the ogre's attack.
Okay, then.
Okay, then.
Okay, then.
Okay, then.
You feel better.
Electricity crackles from Lodul's apparatus.
The bolt of lightning hits you!!
You die...

#...##### #†# ..(.....#
#.#
......#.##.####.########
........................
#...###.###.###.#######.
.#.## .# # #.# .###
.###.###.# ..
.........### <..
.#.......@?# .##
#.#.#####O# # #)# #O#


OOO #.. #### You could see Lodul and 3 ogres.

Vanquished Creatures
  Erica (D:8)
  A two-headed ogre (D:9)
  An orc knight (Bailey)
  A deep elf pyromancer (Bailey)
  Joseph (D:9)
  An unseen horror (D:10)
  2 trolls
  Grinder (D:4)
  9 yaks (D:11)
  A vampire (D:9)
  Sigmund (D:4)
  2 wraiths (D:10)
  A wyvern (D:10)
  2 steam dragons (D:8)
  9 vampire mosquitoes
  A water moccasin (D:8)
  Duvessa (D:4)
  An acid dragon (D:10)
  11 orc warriors
  2 ice beasts
  2 black bears
  A sky beast (D:7)
  3 ogres
  2 centaurs
  A phantom (D:6)
  3 gnoll sergeants
  2 kobold brigands
  A scorpion (D:6)
  11 bullfrogs
  15 wights
  Dowan (D:4)
  5 killer bees
  A howler monkey (D:9)
  5 crimson imps
  3 hounds
  3 jellies
  4 orc priests
  2 iguanas
  5 orc wizards
  A sleepcap (D:5)
  19 gnolls
  3 adders
  A white imp (D:6)
  3 worms
  A dart slug (D:2)
  21 orcs
  4 ball pythons (D:4)
  4 endoplasms
  2 giant cockroaches
  6 goblins
  9 hobgoblins
  11 jackals
  7 bats
  2 frilled lizards
  19 kobolds
  3 rats
  A butterfly (D:9)
237 creatures vanquished.

Vanquished Creatures (others)
  A bullfrog (D:8)
  A gnoll (D:8)
  2 kobolds (D:9)
4 creatures vanquished.

Grand Total: 241 creatures vanquished

Notes
Turn   | Place    | Note
-------+----------+-------------------------------------------
     0 | D:1      | Peloso the Minotaur Fighter began the quest for the Orb.
     0 | D:1      | Reached XP level 1. HP: 19/19 MP: 0/0
     0 | D:1      | Noticed an ice dragon
     1 | D:1      | Noticed an iron dragon
     2 | D:1      | Noticed a tentacled monstrosity
     4 | D:1      | Noticed a black draconian
    11 | D:1      | Noticed a golden dragon
    11 | D:1      | Noticed a tentacled monstrosity
    13 | D:1      | Noticed a red draconian
    17 | D:1      | Noticed an orb of fire
    17 | D:1      | Noticed an orb of fire
    19 | D:1      | Noticed a shadow dragon
    19 | D:1      | Noticed an orb of fire
   184 | D:1      | Reached XP level 2. HP: 18/27 MP: 1/1
  1072 | D:2      | Found a faded altar of an unknown god.
  1145 | D:2      | Reached XP level 3. HP: 23/33 MP: 2/2
  1148 | D:2      | Reached skill level 3 in Long Blades
  2594 | D:4      | Noticed Sigmund
  2608 | D:4      | Killed Sigmund
  2609 | D:4      | Reached skill level 4 in Long Blades
  2609 | D:4      | Reached skill level 5 in Armour
  2609 | D:4      | Reached XP level 4. HP: 37/41 MP: 3/3
  2609 | D:4      | Reached XP level 5. HP: 43/47 MP: 4/4
  2692 | D:4      | Noticed Grinder
  2700 | D:4      | Killed Grinder
  2701 | D:4      | Reached skill level 5 in Long Blades
  2701 | D:4      | Reached skill level 1 in Dodging
  2701 | D:4      | Reached XP level 6. HP: 39/55 MP: 5/5
  2925 | D:4      | Reached skill level 5 in Fighting
  2925 | D:4      | Reached skill level 6 in Long Blades
  2925 | D:4      | Reached XP level 7. HP: 53/61 MP: 6/6
  3186 | D:4      | Noticed Duvessa
  3186 | D:4      | Noticed Dowan
  3202 | D:4      | Killed Duvessa
  3208 | D:4      | Killed Dowan
  3639 | D:5      | Entered Level 5 of the Dungeon
  3878 | D:5      | Reached skill level 7 in Long Blades
  3878 | D:5      | Reached skill level 1 in Stealth
  4282 | D:5      | Found a staircase to the Ecumenical Temple.
  4459 | Temple   | Entered the Ecumenical Temple
  4481 | Temple   | Became a worshipper of Warmaster Okawaru
  4598 | D:6      | Reached XP level 8. HP: 53/69 MP: 7/7
  5146 | D:7      | Reached skill level 8 in Long Blades
  5146 | D:7      | Reached skill level 5 in Shields
  5173 | D:7      | Reached * piety under Okawaru
  5266 | D:7      | HP: 1/70 [orc/+0 flail (7)]
  5484 | D:7      | Reached skill level 9 in Long Blades
  5612 | D:7      | Found a flagged portal.
  5627 | Bailey   | Entered a bailey
  5997 | Bailey   | Reached XP level 9. HP: 40/78 MP: 4/8
  6737 | Bailey   | Found a large runed translucent door.
  6737 | Bailey   | Found a large runed translucent door.
  6738 | Bailey   | Noticed a deep elf pyromancer
  6753 | Bailey   | Noticed an orc knight
  7010 | Bailey   | Killed an orc knight
  7011 | Bailey   | Reached skill level 1 in Invocations
  7060 | Bailey   | Killed a deep elf pyromancer
  7061 | Bailey   | Reached skill level 10 in Long Blades
  7061 | Bailey   | Reached skill level 1 in Evocations
  7476 | D:7      | Found a radiant altar of Vehumet.
  7477 | D:7      | Found a burning altar of Makhleb.
  7487 | D:7      | Reached XP level 10. HP: 86/86 MP: 10/10
  8173 | D:6      | Identified a scroll of acquirement
  8483 | D:8      | Found a sparkling altar of Nemelex Xobeh.
  8608 | D:8      | Found a shimmering altar of Xom.
  8623 | D:8      | Reached skill level 11 in Long Blades
  8627 | D:8      | Reached ** piety under Okawaru
  8654 | D:8      | Noticed Erica
  8703 | D:8      | Reached skill level 10 in Armour
  8808 | D:8      | Killed Erica
  8992 | D:8      | Found a staircase to the Lair.
  9309 | D:7      | Reached *** piety under Okawaru
  9565 | D:8      | Found a glowing golden altar of the Shining One.
  9754 | D:9      | Noticed Joseph
  9767 | D:9      | Killed Joseph
 10073 | D:9      | Identified the +7 mace of the Mind {heavy, *Corrode rN+++
                  | Will+ Int+3}
 10359 | D:9      | Found a white marble altar of Elyvilon.
 10387 | D:9      | Found an ancient bone altar of Kikubaaqudgha.
 10395 | D:9      | Noticed a two-headed ogre
 10416 | D:9      | Killed a two-headed ogre
 10417 | D:9      | Reached XP level 11. HP: 96/97 MP: 8/11
 10655 | D:10     | Entered Level 10 of the Dungeon
 11297 | D:10     | Reached **** piety under Okawaru
 11653 | D:10     | Reached skill level 12 in Long Blades
 12086 | D:11     | Reached ***** piety under Okawaru
 12156 | D:11     | Noticed Lodul
 12171 | D:11     | Killed from afar by Lodul

Illustrated notes

Levels and vault maps discovered:
D:1:      shiori_arrival_whats_in_store_for_you, layout_basic
D:2:      kennysheep_big_flooded_room, layout_basic,
          hellmonk_ecumenical_altar_pennies_from_heaven
D:3:      layout_basic, serial_bayou_lagoon_a
D:4:      minmay_angry_zag, layout_loops_ring, minmay_misc_feat_square,
          uniq_grinder, uniq_sigmund, uniq_duvessa
D:5:      layout_basic, minmay_temple_entry_poolview
D:6:      layout_basic, chequers_serial_rivers_marsh
D:7:      layout_gridville, grunt_temple_overflow_lords_of_destruction,
          enter_bailey_7
D:8:      layout_rooms, lemuel_tele_altar, nemelex_xobeh_ov_fountains_minmay,
          led_xom_imps, grunt_lair_entry_orc_guard_hut, uniq_erica
D:9:      layout_basic, nicolae_elyvilon_peaceful_grove,
          nicolae_kikubaaqudgha_miasma_corner, uniq_joseph
D:10:     layout_stronghold, hangedman_abyss_or_decor_stabs
D:11:     layout_loops_ring, david_orc_4, enter_trove_5, uniq_lodul
Temple:   hellmonk_temple_of_storms

Skill      XL: |  1  2  3  4  5  6  7  8  9 10 11 |
---------------+----------------------------------+-----
Fighting       | 4 5 6 7 9 |  9.5
Armour         | 4 5 6 8 9 11 | 11.9
Long Blades    | 4 5 6 7 9 10 11 12 | 12.4
Shields        | 4 5 6 7 9 |  9.5
Dodging        | 1 3 4 |  4.7
Stealth        | 1 2 3 |  3.1
Invocations    | 1 |  1.5
Evocations     | 2 |  2.4

Action                     |  1- 3 |  4- 6 |  7- 9 | 10-12 || total
---------------------------+-------+-------+-------+-------++-------
  Melee: Long sword        |    90 |    45 |   160 |       ||   295
         Headbutt          |    10 |    10 |    82 |    93 ||   195
         Falchion          |       |       |   188 |   504 ||   692
 Invoke: Heroism           |       |       |     9 |     6 ||    15
  Evoke: Wand              |       |       |    11 |     4 ||    15
    Use: Potion            |     5 |       |     5 |     3 ||    13
         Scroll            |     3 |       |     8 |     2 ||    13
   Stab: Paralysed         |       |       |     8 |       ||     8
 Armour: Scale mail        |    50 |       |       |       ||    50
         Chain mail        |    16 |    25 |   144 |   192 ||   377
  Dodge: Dodged            |    64 |    11 |   121 |   157 ||   353
  Block: Buckler           |    19 |    10 |    84 |    45 ||   158
         Tower shield      |       |       |       |   336 ||   336
         Reflection        |       |       |       |     8 ||     8
